 Dungeon Crawl Stone Soup version 0.32-a0-814-g0968bab981 (webtiles) character file.

Game seed: 16140107383997635377

332 zenocrate the Sneak (level 6, -3/39 HPs)
             Began as an Octopode Earth Elementalist on Mar 23, 2024.
             Slain by a kobold
             ... wielding a +0 whip
              (5 damage)
             ... on level 4 of the Dungeon.
             The game lasted 00:03:48 (2897 turns).

zenocrate the Sneak (Octopode Earth Elementalist)   Turns: 2897, Time: 00:03:49

Health: -3/39      AC:  1    Str:  7    XL:     6   Next: 52%
Magic:  4/10       EV: 12    Int: 20    God:
Gold:   94         SH:  0    Dex: 12    Spells: 6/10 levels left

rFire   . . .        k - +7 Throatcutter {drain, coup de grace}
rCold   . . .        (no shield)
rNeg    + . .        i - +0 hat
rPois   .            (no amulet)
rElec   .            j - ring of positive energy
rCorr   .            (no ring)
SInv    .            (no ring)
Will    .....        (no ring)
Stlth   ++++         (no ring)
HPRegen 0.26/turn    (no ring)
MPRegen 0.12/turn    (no ring)
                     (no ring)

%: no passive effects
@: lethally poisoned (-3 -> -8)
A: almost no armour, amphibious, 8 rings, camouflage 1, gelatinous body 1,
(nimble swimmer 1), tentacles
a: no special abilities


You were on level 4 of the Dungeon.
You visited 1 branch of the dungeon, and saw 4 of its levels.

You collected 94 gold pieces.

Inventory:

Hand Weapons
 k - the +7 Throatcutter (weapon) {drain, coup de grace}
   (You found it on level 3 of the Dungeon)
Armour
 i - a +0 hat (worn)
Magical Staves
 a - a staff of fire
Jewellery
 h - a ring of ice
 j - a ring of positive energy (left tentacle)
Scrolls
 b - 3 scrolls of revelation
 d - 2 scrolls of amnesia
 e - 3 scrolls of teleportation
 f - 2 scrolls of enchant weapon
 g - a scroll of fear
 l - a scroll of identify
Potions
 c - a potion of magic


   Skills:
 + Level 2.0 Fighting
 + Level 3.0 Dodging
 + Level 4.4 Stealth
 + Level 1.7 Unarmed Combat
 + Level 2.7 Spellcasting
 + Level 2.2 Conjurations
 + Level 3.7 Earth Magic
 + Level 1.7 Evocations


You had 6 spell levels left.
You knew the following spells:

 Your Spells              Type           Power      Damage    Failure   Level
a - Sandblast             Erth           34%        2d9       3%          1
b - Stone Arrow           Conj/Erth      28%        3d8       13%         3

Your spell library contained the following spells:

 Spells                   Type           Power      Damage    Failure   Level
 Passwall                 Erth           17%        N/A       10%         3
 Slow                     Hex            8%         N/A       14%         1
 Call Imp                 Summ           4%         N/A       22%         2
 Sublimation of Blood     Necr           2%         N/A       22%         2
 Brom's Barrelling Bould  Conj/Erth      14%        2d4       38%         4
 Confusing Touch          Hex            2%         N/A       41%         3
 Vampiric Draining        Necr           2%         2d6       41%         3
 Petrify                  Alch/Erth      10%        N/A       56%         4
 Summon Hydra             Summ           1%         N/A       100%        7


Dungeon Overview and Level Annotations

Branches:
Dungeon (4/15)
 Temple: D:4-7

Altars:
Trog

Shops:
D:1 [


Innate Abilities, Weirdness & Mutations

You cannot wear most types of armour.
You are amphibious.
You can wear up to eight rings at the same time.
Your skin changes colour to match your surroundings (Stealth+).
Your rubbery body absorbs attacks. (AC +1, EV +1)
((You are camouflaged when in or above water. (Stealth+)))
You have tentacles for arms and can constrict up to eight enemies at once.


Message History

The kobold moves out of view.
You slash the iguana! You drain the iguana. You grab the iguana.
You squeeze the iguana.
You kill the iguana!
Unknown command.
You hit the quokka but do no damage. You grab the quokka.
You squeeze the quokka.
The quokka is almost dead.
Your surroundings suddenly seem different.
You lose your grip on something.
A moth of wrath, 3 rats and a ribbon worm come into view.
Found a long sword.
Found a bloodstained altar of Trog.
Unknown command.
A kobold comes into view.
It is wielding a +0 whip and quivering poisoned darts.
A quokka comes into view.
The kobold throws a poisoned dart.
The poisoned dart barely misses you.
Casting: Sandblast (safe; 3% risk of failure)
Confirm with . or Enter, or press ? or * to list all spells.
Aiming: Sandblast (safe; 3% risk of failure)
Press: ? - help, Shift-Dir - straight line, f - quokka
Aim: a quokka (75% to hit)
The blast of sand hits the quokka!
You kill the quokka!
The kobold throws a poisoned dart.
The poisoned dart hits you!
You are lethally poisoned!
Unknown command.
You aren't carrying any items that you can evoke.
Unknown command.
Okay, then.
* * * LOW HITPOINT WARNING * * *
You feel very sick.
Unknown command.
Unknown command.
* * * LOW HITPOINT WARNING * * *
You feel sick.
Unknown command.
A kobold comes into view. It is wielding a +0 club.
* * * LOW HITPOINT WARNING * * *
You feel sick. The kobold hits you with a +0 whip.
You die...

... #.
###..## ### #
##.....##..K
#
##...........
#
#............
..
#............
##
#............
#............
#....@K......
#............
####.##......
####.####....
#.......# .##
#.........#
..
#...........#
.
#....###....#
#...##y##...#


You could see 2 kobolds.

Vanquished Creatures
  A phantom (D:4)
  A kobold brigand (D:3)
  A sleepcap (D:3)
  An iguana (D:4)
  4 adders
  A dart slug (D:1)
  2 ribbon worms (D:3)
  6 orcs
  3 ball pythons (D:1)
  6 bats
  2 endoplasms (D:3)
  4 giant cockroaches
  9 goblins
  11 hobgoblins
  11 jackals
  8 kobolds
  4 quokkas
  3 frilled lizards
  5 rats
83 creatures vanquished.

Notes
Turn   | Place    | Note
-------+----------+-------------------------------------------
     0 | D:1      | zenocrate the Octopode Earth Elementalist began the quest
                  | for the Orb.
     0 | D:1      | Reached XP level 1. HP: 11/11 MP: 3/3
   106 | D:1      | Reached XP level 2. HP: 17/17 MP: 3/5
   116 | D:1      | Reached skill level 3 in Stealth
   368 | D:1      | Found Efavit's Antique Armour Shoppe.
   524 | D:1      | Reached XP level 3. HP: 22/22 MP: 4/6
   540 | D:1      | Learned a level 3 spell: Stone Arrow
   678 | D:1      | Reached skill level 1 in Fighting
  1197 | D:2      | Reached XP level 4. HP: 21/28 MP: 3/7
  1506 | D:3      | Identified the +1 robe of the Harp {Will+ SInv Stlth+}
  1910 | D:3      | Reached XP level 5. HP: 28/33 MP: 8/8
  1944 | D:3      | Reached skill level 1 in Evocations
  2186 | D:3      | Reached skill level 1 in Unarmed Combat
  2557 | D:3      | Found the +7 Throatcutter {drain, coup de grace}
  2557 | D:3      | Noticed a kobold brigand
  2569 | D:3      | Killed a kobold brigand
  2570 | D:3      | Reached skill level 4 in Stealth
  2570 | D:3      | Reached XP level 6. HP: 6/39 MP: 4/9
  2888 | D:4      | Found a bloodstained altar of Trog.
  2888 | D:4      | Noticed a moth of wrath
  2897 | D:4      | Slain by a kobold

Illustrated notes

Levels and vault maps discovered:
D:1:      beargit_arrival_greenhouse, layout_basic, serial_shops,
          nicolae_shop_tiny_waterfront, minivault_24, minmay_misc_feat_rows
D:2:      layout_rooms
D:3:      layout_loops_corners, dilly_guarded_unrand_throatcut
D:4:      layout_rooms, tgw_trog, nemelex_spade_bored_becter, serial_shops,
          nicolae_shop_pleasant_corner_grove, minmay_fractal_squares_5,
          uniq_crazy_yiuf_cottage

Skill      XL: |  1  2  3  4  5  6 |
---------------+-------------------+-----
Stealth        | 3 4 |  4.4
Fighting       | 1 2 |  2.0
Evocations     | 1 |  1.7
Unarmed Combat | 1 |  1.7
Conjurations   | 2 |  2.2
Dodging        | 3 |  3.0
Spellcasting   | |  2.7
Earth Magic    | |  3.7

Action                     |  1- 3 |  4- 6 || total
---------------------------+-------+-------++-------
  Melee: Unarmed           |    49 |    13 ||    62
         Constrict         |    15 |    23 ||    38
         Punch             |     1 |       ||     1
         Tentacles         |     9 |    14 ||    23
         Staff             |       |    66 ||    66
         Long sword        |       |     3 ||     3
   Cast: Sandblast         |    31 |    29 ||    60
         Stone Arrow       |       |     3 ||     3
    Use: Scroll            |     2 |     5 ||     7
   Stab: Sleeping          |     3 |     4 ||     7
 Armour: Skin              |    35 |    59 ||    94
  Dodge: Dodged            |    40 |    57 ||    97

Table legend: (Time is in decaauts)
 A = Elapsed time spent in this place.
 B = Non-inter-level travel time spent in this place.
 C = Inter-level travel time spent in this place.
 D = Time resting spent in this place.
 E = Time spent auto-exploring this place.
 F = Levels seen in this place.
 G = Mean time per level.
                   A        B        C        D        E       F      G
               +--------+--------+--------+--------+--------+-----+--------+
         Total |   2938 |   2821 |    117 |      0 |   2275 |   4 |  734.5 |
       Dungeon |   2938 |   2821 |    117 |      0 |   2275 |   4 |  734.5 |
               +--------+--------+--------+--------+--------+-----+--------+

Top non-repeatable levels by time:
     D:3: 1340 daAuts
     D:1: 993 daAuts
     D:2: 516 daAuts
     D:4: 88 daAuts
